 Dungeon Crawl Stone Soup version 0.24.0-123-gd5b16e6ec5 (webtiles) character file.

Game seed: 15777879120109138327, levelgen mode: deterministic

21 Emblim88 the Stinger (level 2, -9/19 HPs)
             Began as a Merfolk Venom Mage on Jan 12, 2020.
             Killed by divine providence
             ... invoked by an orc priest
              (13 damage)
             ... on level 4 of the Dungeon.
             The game lasted 00:02:21 (942 turns).

Emblim88 the Stinger (Merfolk Venom Mage)            Turns: 942, Time: 00:02:22

Health: -9/19      AC:  3    Str:  8    XL:     2   Next: 87%
Magic:  5/5        EV: 13    Int: 14    God:
Gold:   36         SH:  0    Dex: 14    Spells: 2/5 levels left

rFire    + . .     SeeInvis .   f - +0 dagger
rCold    x . .     Gourm    .   (no shield)
rNeg     . . .     Faith    .   a - +0 robe
rPois    +         Spirit   .   i - +0 helmet
rElec    .         Reflect  .   (no cloak)
rCorr    .         Harm     .   (no gloves)
MR       .....                  (no boots)
Stlth    ++........             (no amulet)
HPRegen  0.06/turn              g - ring of poison resistance
MPRegen  0.09/turn              h - ring of fire

@: no status effects
A: change form in water, swift swim, stealthy swim
a: no special abilities


You were on level 4 of the Dungeon.
You were not hungry.

You visited 1 branch of the dungeon, and saw 3 of its levels.

You collected 36 gold pieces.

Inventory:

Hand Weapons
 f - a +0 dagger (weapon)
Armour
 a - a +0 robe (worn)
 i - a +0 helmet (worn)
Jewellery
 g - a ring of poison resistance (left hand)
 h - a ring of fire (right hand)
 k - the ring of Lucidity {+Fly rC+ MR+ Str+2 SInv, unknown}
   (You found it on level 4 of the Dungeon)

   [ring of flight]

   It affects your strength (+2).
   It protects you from cold.
   It affects your resistance to hostile enchantments.
   It lets you see invisible.
   It lets you fly.
Scrolls
 b - a scroll of remove curse {unknown}
 e - a scroll of teleportation {unknown}
 j - a scroll of identify {unknown}
Potions
 d - a potion of curing {unknown}
Comestibles
 c - 2 rations


   Skills:
 + Level 0.2 Fighting
 + Level 3.1 Dodging
 + Level 2.3 Stealth
 + Level 2.1 Spellcasting
 + Level 0.8 Conjurations
 + Level 3.8 Poison Magic


You had 2 spell levels left.
You knew the following spells:

 Your Spells              Type           Power        Failure   Level  Hunger
a - Sting                 Conj/Pois      #...         9%          1    #......
b - Poisonous Vapours     Pois/Air       #.....       16%         2    ###....

Your spell library contained the following spells:

 Spells                   Type           Power        Failure   Level  Hunger
 Mephitic Cloud           Conj/Pois/Air  #.......     36%         3    ###....
 Olgreb's Toxic Radiance  Pois           ##......     43%         4    #####..
 Venom Bolt               Conj/Pois      #.........   94%         5    ######.


Dungeon Overview and Level Annotations

Branches:
Dungeon (2/15)

Altars:


Message History

An adder skeleton comes into view.
Found a runed silver amulet.
An orc comes into view.
You see here a slimy steel ring.
k - a slimy steel ring A leopard gecko skeleton comes into view.
An orc comes into view.
An orc and an orc priest come into view.
The orc shouts!
An orc priest comes into view. It is wielding a +0 falchion.
A quokka comes into view.
The orc priest invokes the aid of Beogh against you.
Beogh smites you!
Ouch! That really hurt!
* * * LOW HITPOINT WARNING * * *
You hear a shout!
The orc priest invokes the aid of Beogh against you.
Beogh smites you!
Ouch! That really hurt!
You die...

....................#
..... ..o...........
......##.........r##
......#.....^......# #
...................#.##
#...o...Z.........# ..
####.#............# ....
#..###..........#
#....##..# ###.@......#
#.......###........... .
#..##....##...........
.##...###..#..#.........
...........#...........#
.......................#
.............##........#
.......##.##.#.......>.#
......##..##.........


You could see an orc priest, an orc, a quokka and a leopard gecko skeleton.

Vanquished Creatures
  2 dart slugs
  A leopard gecko (D:1)
  A goblin (D:1)
  3 hobgoblins (D:1)
  A ball python (D:1)
  4 bats (D:1)
  A frilled lizard (D:1)
  A kobold (D:1)
  4 rats (D:1)
18 creatures vanquished.

Notes
Turn   | Place    | Note
-------+----------+-------------------------------------------
     0 | D:1      | Emblim88 the Merfolk Venom Mage began the quest for the
                  | Orb.
     0 | D:1      | Reached XP level 1. HP: 13/13 MP: 3/3
   303 | D:1      | Reached XP level 2. HP: 14/19 MP: 0/5
   308 | D:1      | Learned a level 2 spell: Poisonous Vapours
   907 | D:2      | You fall into a shaft and drop 2 floors!
   915 | D:4      | Noticed a scorpion
   919 | D:4      | Got a slimy steel ring
   942 | D:4      | Killed from afar by an orc priest

Levels and vault maps discovered:
D:1:      lightli_arrival_isolated_outpost, layout_loops_ring
D:2:      layout_basic, first_ration, grunt_decor_one_mirror, xom_redecorated
D:4:      layout_cave_pools, minitemple, minmay_temple_entry_butterflies,
          eino_small_chamber_without_monster, minmay_misc_feat_secret_circle

Skill      XL: |  1 |
---------------+----+-----
Dodging        | 3 |  3.1
Fighting       | |  0.2
Stealth        | |  2.3
Spellcasting   | |  2.1
Conjurations   | |  0.8
Poison Magic   | |  3.8

Action                   || total
-------------------------++-------
Melee: Unarmed           ||     8
       Dagger            ||    25
 Cast: Sting             ||    13
 Stab: Sleeping          ||     4
Armor: Robe              ||     5
Dodge: Dodged            ||    21
